 Dungeon Crawl Stone Soup version 0.18.1-50-g88ac8fd (webtiles) character file.

78 Peloso the Skirmisher (level 3, -3/31 HPs)
             Began as a Demigod Fighter on Oct 16, 2016.
             Slain by a kobold
             ... wielding a +0 club
              (4 damage)
             ... on level 2 of the Dungeon.
             The game lasted 00:03:33 (1633 turns).

Peloso the Skirmisher (Demigod Fighter)             Turns: 1633, Time: 00:03:34

Health: -3/31      AC:  6    Str: 24      XL:     3   Next: 94%
Magic:  5/5        EV:  8    Int: 12      God:
Gold:   53         SH: 10    Dex: 16 (17) Spells: 0 memorised, 2 levels left

rFire  . . .     SeeInvis .     a - +0 long sword
rCold  . . .     Gourm    .     b - +0 scale mail
rNeg   . . .     Faith    .     c - +0 shield
rPois  .         Spirit   .     (no helmet)
rElec  .         Dismiss  .     (no cloak)
rCorr  .         Reflect  .     (no gloves)
SustAt +         Harm     .     (no boots)
MR     .....                    (no amulet)
Stlth  ..........               (no ring)
                                j - ring of loudness (curse)

@: mighty, not resistant to hostile enchantments, extremely unstealthy
A: high mp 1, sustain attributes
a: no special abilities


You were on level 2 of the Dungeon.
You were not hungry.

You visited 1 branch of the dungeon, and saw 2 of its levels.

You collected 53 gold pieces.

Inventory:

Hand Weapons
 a - a +0 long sword (weapon)
Armour
 b - a +0 scale mail (worn)
 c - a +0 shield (worn)
Jewellery
 j - a cursed ring of loudness (left hand)
Scrolls
 e - a scroll of fog {unknown}
 h - a scroll of teleportation {unknown}
 k - a scroll of random uselessness {unknown}
Comestibles
 f - 2 bread rations
 g - a fruit


   Skills:
 + Level 3.2 Fighting
 + Level 2.0 Long Blades
 + Level 3.0 Armour
 + Level 1.5 Dodging
 + Level 0.2 Stealth
 + Level 3.2 Shields


You had 2 spell levels left.
You didn't know any spells.

Dungeon Overview and Level Annotations

Branches:
Dungeon (2/15)


Innate Abilities, Weirdness & Mutations

You have an increased reservoir of magic (+10% MP).
Your attributes are resistant to harm.


Message History

Robin roars a battlecry!
The goblins go into a battle-frenzy!
You block Robin's attack.
Unknown command.
You hit Robin but do no damage.
Robin is lightly wounded.
The kobold completely misses you. You block the goblin's attack.
You block Robin's attack. You block the kobold's attack. The goblin hits you.
* * * LOW HITPOINT WARNING * * *
Unknown command.
Drink which item? (? for menu, Esc to quit)
You feel very mighty all of a sudden. Robin closely misses you.
The goblin barely misses you.
You slash Robin!
You kill Robin!
Your Armour skill increases to level 3!
You feel your intelligence returning. The kobold hits you but does no damage.
You block the goblin's attack. x2
The kobold hits you with a club.
You die...

....... ##. #.# .... ..
..###.### .[..... ....... ...
. #...####### ....##
#..........
.g#.#.#.#######...#######
gg.%..............(......
.#.#.#g########.########
.......K@g.......#
....######......## #...
...##......# ##
##.####.##....(.########.
.........................
#.####.###########...... #
#.####.##....#####.#####
#......##....##....#
##########............##.####
###


You could see 2 goblins and a kobold.

Vanquished Creatures
  Robin (D:2)
  An adder (D:2)
  A worm (D:2)
  2 ball pythons
  3 giant cockroaches (D:1)
  12 goblins
  7 hobgoblins
  4 jackals
  4 kobolds
  7 bats
  2 giant newts
  5 rats
49 creatures vanquished.

Notes
Turn   | Place    | Note
--------------------------------------------------------------
     0 | D:1      | Peloso the Demigod Fighter began the quest for the Orb.
     0 | D:1      | Reached XP level 1. HP: 18/18 MP: 3/3
   121 | D:1      | Reached XP level 2. HP: 10/26 MP: 4/4
  1092 | D:2      | Reached skill level 1 in Dodging
  1116 | D:2      | Reached XP level 3. HP: 28/31 MP: 5/5
  1269 | D:2      | HP: 1/31 [poisoned by an adder]
  1275 | D:2      | HP: 1/31 [poisoned by an adder]
  1603 | D:2      | Noticed Robin
  1631 | D:2      | HP: 1/31 [goblin (2)]
  1633 | D:2      | Killed Robin
  1633 | D:2      | Slain by a kobold

Skill      XL: |  1  2  3 |
---------------+----------+-----
Fighting       | 3 |  3.2
Long Blades    | 2 |  2.0
Dodging        | 1 |  1.5
Shields        | 3 |  3.2
Armour         | 3 |  3.0
Stealth        | |  0.2

Action                   || total
-------------------------++-------
Melee: Long sword        ||   154
  Use: Potion            ||     4
  Eat: Chunk             ||     2
       Fruit             ||     1
Armor: Scale mail        ||   105
Dodge: Dodged            ||    81
Block: Shield            ||   129
